[Event "Team 45 45 League T50"]
[Site "Internet Chess Club"]
[Date "2011.09.02"]
[Round "4"]
[White "MontanaSky"]
[Black "crimsonviper"]
[Result "0-1"]
[WhiteElo "1773"]
[BlackElo "1844"]
[Opening "English opening"]
[ECO "A05"]
[Time "20:11:46"]
[TimeControl "2700+45"]

1. Nf3 Nf6 2. c4 c6 3. e3 d5 4. Nc3 Bf5 5. Qb3 Qb6 6. Nd4 Qxb3 7. axb3 Bg6 8.
cxd5 Nxd5 9. Nxd5 cxd5 10. Nb5 Na6 11. Rxa6 bxa6 12. Nc7+ Kd7 13. Nxa8 a5 14.
Bb5+ Kc8 15. d4 e6 16. Bd2 Bb4 17. Bxb4 axb4 18. O-O Kb7 19. Rc1 Kxa8 20. h3 Kb8
21. Ba6 Ka8 22. Rc5 Rb8 23. Bb5 Kb7 24. Bc6+ Kb6 25. Bd7 Bd3 26. f4 Rb7 27. Be8
Re7 28. Ba4 Rc7 29. Rxc7 Kxc7 30. g4 Kd6 31. Kf2 f6 32. h4 e5 33. Kg3 exd4 34.
exd4 h6 35. g5 hxg5 36. fxg5 Ke6 37. Kf4 Bc2 38. h5 Bd1 39. h6 fxg5+ 40. Kxg5
gxh6+ 41. Kxh6 Kf5 42. Kg7 Ke4 43. Kf6 Kxd4 44. Ke6 Ke4 45. Kd6 d4 46. Kc5 d3
47. Bc6+ Ke3 48. Kxb4 d2 49. Kc3 Be2 {White resigns} 0-1

[Event "Team 45 45 League T50"]
[Site "Internet Chess Club"]
[Date "2011.09.04"]
[Round "4"]
[White "BuddyT"]
[Black "misuc56"]
[Result "1-0"]
[WhiteElo "1804"]
[BlackElo "1818"]
[Opening "QGD: 3.Nc3"]
[ECO "D31"]
[Time "12:00:24"]
[TimeControl "2700+45"]

1. d4 d5 2. c4 e6 3. Nc3 f5 4. Bf4 c6 5. e3 Nf6 6. Bd3 Bd6 7. Nge2 O-O 8. Qc2
Ne4 9. f3 Nf6 10. O-O Qe7 11. Rae1 a6 12. e4 fxe4 13. fxe4 dxe4 14. Nxe4 Nxe4
15. Bxe4 Bxf4 16. Bxh7+ Kh8 17. Nxf4 Rxf4 18. Rxf4 Nd7 19. Rf3 Qh4 20. Rxe6 g6
21. Re8+ Kxh7 22. Rf7+ Kh6 23. Rh8+ Kg5 24. Qd2+ {Black resigns} 1-0

[Event "Team 45 45 League T50"]
[Site "Internet Chess Club"]
[Date "2011.09.04"]
[Round "4"]
[White "rubo"]
[Black "jps7"]
[Result "1-0"]
[WhiteElo "1704"]
[BlackElo "1687"]
[Opening "French: advance, Euwe variation"]
[ECO "C02"]
[Time "14:01:28"]
[TimeControl "2700+45"]

1. e4 e6 2. d4 d5 3. e5 c5 4. c3 Nc6 5. Nf3 Bd7 6. Bd3 Qb6 7. O-O cxd4 8. cxd4
Nxd4 9. Nxd4 Qxd4 10. Nc3 Qb6 11. Qe2 a6 12. Bg5 h6 13. Bh4 Ne7 14. Rac1 Nf5 15.
Bxf5 exf5 16. Nxd5 Bb5 17. Nxb6 Bxe2 18. Nxa8 Bxf1 19. Rc8+ Kd7 20. Nb6+ Ke6 21.
Re8+ Be7 22. Rxe7# {Black checkmated} 1-0

[Event "Team 45 45 League T50"]
[Site "Internet Chess Club"]
[Date "2011.09.04"]
[Round "4"]
[White "viking99"]
[Black "Epcot"]
[Result "1/2-1/2"]
[WhiteElo "1836"]
[BlackElo "1916"]
[Opening "Sicilian: Canal-Sokolsky attack, 3...Bd7"]
[ECO "B52"]
[Time "10:01:22"]
[TimeControl "2700+45"]

1. e4 c5 2. Nf3 d6 3. Bb5+ Bd7 4. Bxd7+ Qxd7 5. O-O Nc6 6. c3 Nf6 7. Re1 e6 8.
d4 cxd4 9. cxd4 d5 10. e5 Ne4 11. Nbd2 Nxd2 12. Bxd2 Be7 13. Rc1 O-O 14. Re3
Rfc8 15. Rec3 Bd8 16. a3 Bb6 17. Be3 Na5 18. Nd2 Rxc3 19. Rxc3 Qb5 20. Qc2 Nc6
21. b4 h6 22. Nb3 a5 23. bxa5 Bxa5 24. Nxa5 Nxa5 25. Rc8+ Rxc8 26. Qxc8+ Kh7 27.
Qc2+ g6 28. Qc1 h5 29. h3 Nc4 30. Bg5 Qb2 31. Qxb2 Nxb2 32. Kf1 Nc4 33. Be7 g5
34. Ke2 Kg6 35. g4 Na5 36. Kd3 Nc6 37. Bf6 Na5 38. Kc3 Nc4 39. a4 Nb6 40. Kb4
Nc4 41. Kb5 Kh6 42. Kc5 Kg6 43. Kb5 Kh6 44. Kc5 {Game drawn by mutual agreement}
1/2-1/2

[Event "Team 45 45 League T50"]
[Site "Internet Chess Club"]
[Date "2011.08.31"]
[Round "4"]
[White "DARKwizard1"]
[Black "Innes"]
[Result "1-0"]
[WhiteElo "2012"]
[BlackElo "1659"]
[Opening "Two knights defense (Modern bishop's opening)"]
[ECO "C55"]
[Time "10:45:24"]
[TimeControl "2700+45"]

1. e4 e5 2. Nf3 Nc6 3. Bc4 Nf6 4. d3 Be7 5. h3 d6 6. c3 Be6 7. Bxe6 fxe6 8. Qb3
O-O 9. Ng5 Kh8 10. Nxe6 Qd7 11. Nxf8 Rxf8 12. O-O Nh5 13. Qd1 Nf4 14. Bxf4 Rxf4
15. Nd2 Bg5 16. Nf3 Bh6 17. Nh2 Ne7 18. f3 Ng6 19. Ng4 Bg5 20. Rc1 h5 21. Ne3
Rh4 22. Nf5 Bxc1 23. Qxc1 Rf4 24. Kh2 Nh4 25. Nxh4 Rxh4 26. Qg5 Rf4 27. d4 Qf7
28. dxe5 dxe5 29. Rd1 Rf6 30. Qxe5 h4 31. Rd8+ Kh7 32. Qg5 c6 33. e5 Rh6 34. f4
Qe6 35. Qg4 Qe7 36. Rd7 Qf8 37. f5 Kh8 38. Rxb7 Rh7 39. Rxa7 Qb8 40. Re7 Qd8 41.
Re6 Qb8 42. Qg6 {Black resigns} 1-0

[Event "Team 45 45 League T50"]
[Site "Internet Chess Club"]
[Date "2011.09.05"]
[Round "4"]
[White "badmove"]
[Black "Vin07"]
[Result "1-0"]
[WhiteElo "1775"]
[BlackElo "1538"]
[Opening "Caro-Kann: classical variation"]
[ECO "B18"]
[Time "08:01:25"]
[TimeControl "2700+45"]

1. e4 c6 2. d4 d5 3. Nc3 dxe4 4. Nxe4 Bf5 5. Ng3 Bg6 6. Bc4 e6 7. N1e2 Nf6 8.
O-O Bd6 9. f4 Bf5 10. Nxf5 exf5 11. Ng3 g6 12. Re1+ Kf8 13. Qf3 Nbd7 14. b3 Qc7
15. Bf1 Nd5 16. Ne2 Re8 17. g3 N7f6 18. c4 Nb6 19. c5 {Black resigns} 1-0

[Event "Team 45 45 League T50"]
[Site "Internet Chess Club"]
[Date "2011.09.05"]
[Round "4"]
[White "oldsj"]
[Black "Kingofknights"]
[Result "0-1"]
[WhiteElo "1477"]
[BlackElo "1653"]
[Opening "Caro-Kann: Panov-Botvinnik attack"]
[ECO "B13"]
[Time "14:00:25"]
[TimeControl "2700+45"]

1. e4 c6 2. d4 d5 3. exd5 cxd5 4. c4 Nf6 5. Nc3 h6 6. Nf3 e6 7. c5 Nc6 8. Bb5
Bd7 9. O-O Be7 10. Be3 O-O 11. a3 a5 12. Na4 Qc7 13. Nb6 Rad8 14. Qc1 Rde8 15.
Bf4 Qd8 16. Bxc6 Bxc6 17. Qd2 Nd7 18. Nxd7 Bxd7 19. Ne5 Bb5 20. Rfe1 Qa8 21. a4
Bc6 22. b4 axb4 23. Qxb4 Bd8 24. Nxc6 bxc6 25. a5 Bf6 26. Bd6 Be7 27. Bc7 Bd8
28. Bd6 Be7 29. Bc7 Rc8 30. Bb6 Qa6 31. Qd2 Bf6 32. Reb1 Rfe8 33. Qd1 e5 34.
dxe5 Rxe5 35. Ra2 Re4 36. Qf1 Rc4 37. Ra4 Ra8 38. Rxc4 dxc4 39. Qe2 Bc3 40. Qe4
Bxa5 41. Bxa5 Qxa5 42. Qxc6 c3 43. Qe4 Rc8 44. c6 Qc5 45. Qc2 Qxc6 46. h3 Qc4
47. Rc1 g6 48. Re1 Kg7 49. Re4 Qd5 50. Re2 Qd4 51. Re4 Qd2 52. Re2 Qxe2 53. Qxe2
c2 54. Qe5+ Kg8 {White resigns} 0-1

[Event "Team 45 45 League T50"]
[Site "Internet Chess Club"]
[Date "2011.09.05"]
[Round "4"]
[White "eurander"]
[Black "NFork"]
[Result "1/2-1/2"]
[WhiteElo "2135"]
[BlackElo "2274"]
[Opening "Sicilian: Alapin's variation (2.c3)"]
[ECO "B22"]
[Time "08:00:13"]
[TimeControl "2700+45"]

1. e4 c5 2. c3 g6 3. d4 cxd4 4. cxd4 d5 5. exd5 Nf6 6. Nc3 Bg7 7. Bc4 O-O 8.
Nge2 Nbd7 9. Nf4 Nb6 10. Bb3 h6 11. O-O Bg4 12. Qd3 g5 13. Nfe2 Nbxd5 14. h3 Bh5
15. Re1 a6 16. Bd2 Rc8 17. h4 Bg6 18. Qg3 Nxc3 19. Nxc3 Nh5 20. Qg4 Bxd4 21.
Rad1 Nf6 22. Qg3 Qc7 23. Bf4 Qxf4 24. Qxf4 gxf4 25. Rxd4 Rc7 26. Rxf4 Rd8 27.
Rd1 Rxd1+ 28. Bxd1 Rd7 29. Bf3 b5 30. a4 bxa4 31. Rxa4 Bd3 32. Ne4 Bxe4 33. Bxe4
Rd1+ 34. Kh2 Rd2 35. f3 Rxb2 36. Rxa6 Rb4 37. Kg3 Kg7 38. Kf4 Nd5+ 39. Ke5 Nc3
40. g4 Ne2 41. Kd5 Rb2 42. Ra7 e6+ 43. Ke5 Rb5+ 44. Kd6 Nd4 45. Ra4 Nb3 46. Ra7
Nd2 47. Ke7 Nxe4 48. fxe4 Rb4 49. Ke8 Rb8+ 50. Ke7 Kg6 51. h5+ Kg7 52. Rc7 Rb1
53. e5 Rb8 54. Ra7 {Game drawn by mutual agreement} 1/2-1/2

[Event "Team 45 45 League T50"]
[Site "Internet Chess Club"]
[Date "2011.09.02"]
[Round "4"]
[White "DarkFlow"]
[Black "Epcot"]
[Result "1/2-1/2"]
[WhiteElo "1949"]
[BlackElo "1920"]
[Opening "English: four knights, kingside fianchetto"]
[ECO "A29"]
[Time "11:45:45"]
[TimeControl "2700+45"]

1. c4 e5 2. Nc3 Nf6 3. Nf3 Nc6 4. g3 Bb4 5. Nd5 Bc5 6. Bg2 O-O 7. O-O d6 8. e3
Bg4 9. h3 Bh5 10. g4 Bg6 11. d4 Bb6 12. dxe5 Nxe5 13. Nxe5 dxe5 14. Nxb6 axb6
15. Bxb7 Rb8 16. Qxd8 Rfxd8 17. Bg2 Bd3 18. Re1 Bxc4 19. b3 Bd5 20. Bb2 Bxg2 21.
Kxg2 e4 22. Bxf6 gxf6 23. Rec1 c5 24. a4 Rd3 {Game drawn by mutual agreement}
1/2-1/2

[Event "Team 45 45 League T50"]
[Site "Internet Chess Club"]
[Date "2011.09.03"]
[Round "4"]
[White "VietLion"]
[Black "Greedy-Reedy"]
[Result "0-1"]
[WhiteElo "1897"]
[BlackElo "2009"]
[Opening "Robatsch (modern) defense"]
[ECO "B06"]
[Time "15:20:19"]
[TimeControl "2700+45"]

1. e4 g6 2. d4 Bg7 3. Nc3 d6 4. Be3 c6 5. Qd2 b5 6. Bd3 Nd7 7. f4 e6 8. Nf3 Ne7
9. g4 Bb7 10. f5 exf5 11. gxf5 a6 12. Bh6 Bf6 13. e5 dxe5 14. Ne4 Nxf5 15. Nxf6+
Qxf6 16. Bg5 Qe6 17. O-O-O f6 18. Bxf5 gxf5 19. Bh4 Qxa2 20. c3 O-O-O 21. Kc2 c5
22. d5 Qa4+ 23. Kb1 Qe4+ 24. Qd3 Qxd3+ 25. Rxd3 e4 26. Rd2 exf3 27. Rf1 Rhf8 28.
Rxf3 Ne5 29. Rxf5 Bxd5 30. Rxf6 Rxf6 31. Bxf6 Be4+ 32. Kc1 Rxd2 33. Kxd2 Nc4+
34. Kc1 Kd7 35. h4 Ke6 36. Bg5 h5 37. b4 cxb4 38. cxb4 Ne5 39. Kb2 Kd5 40. Kc3
Nc6 41. Bf6 Bf3 42. Bg5 Be2 43. Bf6 a5 44. bxa5 Nxa5 45. Kb2 Kc4 46. Be5 b4 47.
Bd6 b3 48. Ba3 Bd3 49. Be7 Nc6 50. Bf6 Bc2 51. Bg7 Nb4 52. Bf6 Nd3+ 53. Ka3 b2
54. Bxb2 Nxb2 55. Kxb2 Kd3 56. Kc1 Bb3 57. Kb2 Bd5 58. Kc1 Ke3 59. Kd1 Kf3 60.
Ke1 Kg3 61. Kf1 Kxh4 62. Kg1 Kh3 {White resigns} 0-1

[Event "Team 45 45 League T50"]
[Site "Internet Chess Club"]
[Date "2011.09.02"]
[Round "4"]
[White "zap2"]
[Black "Razorbackchess"]
[Result "1-0"]
[WhiteElo "1779"]
[BlackElo "1714"]
[Opening "Réti: King's Indian attack"]
[ECO "A05"]
[Time "09:02:47"]
[TimeControl "2700+45"]

1. Nf3 Nf6 2. g3 g6 3. Bg2 Bg7 4. O-O O-O 5. d3 d6 6. Nbd2 c5 7. e4 Nc6 8. c3 e5
9. Ne1 Ne8 10. Nc2 Be6 11. Ne3 Qd7 12. Re1 Rb8 13. Ndf1 f5 14. Nd5 Qf7 15. Qe2
Nf6 16. Nfe3 Qd7 17. a4 Na5 18. Qd1 Nc6 19. a5 b5 20. axb6 axb6 21. exf5 gxf5
22. Ra6 Nxd5 23. Nxd5 Bxd5 24. Bxd5+ Kh8 25. Qa4 Rfc8 26. Bg5 Qc7 27. Ra1 h6 28.
Qh4 Na5 29. Bxh6 Bxh6 30. Qxh6+ Qh7 31. Qxd6 Qc7 32. Qh6+ Qh7 33. Rxb6 Qxh6 34.
Rxh6+ Kg7 35. Re6 {Black resigns} 1-0

[Event "Team 45 45 League T50"]
[Site "Internet Chess Club"]
[Date "2011.09.02"]
[Round "4"]
[White "MJYSONG"]
[Black "QueensCounselor"]
[Result "0-1"]
[WhiteElo "1871"]
[BlackElo "2152"]
[Opening "King's Indian: fianchetto with ...Nd7"]
[ECO "E67"]
[Time "16:00:39"]
[TimeControl "2700+45"]

1. d4 Nf6 2. c4 g6 3. g3 Bg7 4. Bg2 O-O 5. Nc3 d6 6. Nf3 Nbd7 7. O-O c5 8. e4
cxd4 9. Nxd4 Ne5 10. b3 Bd7 11. h3 Rc8 12. Be3 a6 13. Rc1 Nc6 14. Qd2 Re8 15. f4
Qa5 16. f5 Nxd4 17. Bxd4 b5 18. cxb5 axb5 19. fxg6 hxg6 20. Qb2 Rc7 21. b4 Qa6
22. Qf2 Be6 23. e5 dxe5 24. Bxe5 Rc4 25. Rcd1 Rf8 26. Qb2 Qb6+ 27. Kh1 Nh5 28.
Ne2 Rfc8 29. Rd2 Bxe5 30. Qxe5 Rxb4 31. g4 Nf6 32. Nf4 Bc4 33. Qxe7 Bxf1 34.
Qxb4 Bxg2+ 35. Kxg2 Qb7+ 36. Kh2 Qf3 37. Ng2 Ne4 38. Qd4 Qg3+ 39. Kg1 Nxd2
{White resigns} 0-1

[Event "Team 45 45 League T50"]
[Site "Internet Chess Club"]
[Date "2011.08.31"]
[Round "4"]
[White "fledermaus"]
[Black "Razvanel"]
[Result "0-1"]
[WhiteElo "1921"]
[BlackElo "2000"]
[Opening "King's Indian: orthodox, Aronin-Taimanov, bayonet attack"]
[ECO "E97"]
[Time "10:00:50"]
[TimeControl "2700+45"]

1. d4 Nf6 2. c4 g6 3. Nc3 Bg7 4. e4 d6 5. Nf3 O-O 6. Be2 e5 7. O-O Nc6 8. d5 Ne7
9. b4 Nh5 10. Re1 f5 11. Ng5 Nf4 12. Bxf4 exf4 13. Rc1 fxe4 14. Ncxe4 h6 15. Ne6
Bxe6 16. dxe6 a5 17. b5 b6 18. Nc3 Bxc3 19. Rxc3 Nf5 20. Bf3 Rb8 21. Bd5 Qe7 22.
Qg4 g5 23. Be4 Qf6 24. Rh3 Ne7 25. Rh5 Kh8 26. h4 Rg8 27. Bb1 Rbf8 28. hxg5 Rxg5
29. Rxg5 Qxg5 30. Qf3 Rg8 31. Qe4 Rg7 32. Qa8+ Ng8 33. Be4 Qe5 34. Qd5 Rg5 35.
f3 Qb2 36. Qc6 Qxg2# {White checkmated} 0-1

[Event "Team 45 45 League T50"]
[Site "Internet Chess Club"]
[Date "2011.09.03"]
[Round "4"]
[White "crimsonviper"]
[Black "jonesey"]
[Result "1-0"]
[WhiteElo "1866"]
[BlackElo "1966"]
[Opening "Queen's pawn: London system"]
[ECO "A45"]
[Time "11:07:44"]
[TimeControl "2700+45"]

1. d4 Nf6 2. Bf4 e6 3. Nf3 c5 4. e3 Qb6 5. Qc1 Nc6 6. c3 d5 7. Be2 Bd7 8. O-O
Rc8 9. dxc5 Bxc5 10. Nbd2 O-O 11. Nb3 Be7 12. Bd3 Be8 13. Nbd4 Nb4 14. Bb1 Nd7
15. Qd2 Nc6 16. Qd3 g6 17. Bh6 Qxb2 18. Qd2 Qa3 19. Bd3 Nce5 20. Nxe5 Nxe5 21.
Be2 Rxc3 22. Bxf8 Bxf8 23. Rfc1 Bb4 24. Nc2 Nc4 25. Bxc4 Rxc4 26. Nxa3 Bxd2 27.
Rxc4 dxc4 28. Nxc4 Bc3 29. Rc1 Bf6 30. Na5 b6 31. Rc8 Kf8 32. Nc6 a6 33. e4 Bb2
34. e5 g5 35. Kf1 f6 36. exf6 Kf7 37. Ke2 h5 38. Ke3 Ba3 39. Ke4 Bd6 40. Ne5+
Kxf6 41. Rxe8 Bxe5 42. Rf8+ Kg7 43. Kxe5 Kxf8 44. Kxe6 Kg7 45. Kd6 Kf6 46. Kc6
Ke5 47. Kxb6 Kd4 48. Kxa6 Kd3 49. a4 Ke2 50. Kb5 Kxf2 51. a5 Kxg2 52. a6 Kxh2
53. a7 h4 54. a8=Q h3 55. Qf3 {Black resigns} 1-0

[Event "Team 45 45 League T50"]
[Site "Internet Chess Club"]
[Date "2011.09.04"]
[Round "4"]
[White "fishhead"]
[Black "katikus"]
[Result "1-0"]
[WhiteElo "1836"]
[BlackElo "1741"]
[Opening "Petrov: Cochrane gambit"]
[ECO "C42"]
[Time "12:00:27"]
[TimeControl "2700+45"]

1. e4 e5 2. Nf3 Nf6 3. Nxe5 d6 4. Nxf7 Kxf7 5. Bc4+ d5 6. exd5 Bd6 7. O-O Rf8 8.
d4 Kg8 9. a3 Nbd7 10. Ba2 Ne4 11. f3 Qh4 12. f4 Bxf4 13. Bxf4 Rxf4 14. d6+ Kh8
15. dxc7 Rxf1+ 16. Qxf1 Qf6 17. Qxf6 Ndxf6 18. Nc3 Nxc3 19. bxc3 Bd7 20. d5 Ne4
21. Re1 Nd6 22. c4 Re8 23. Rxe8+ Nxe8 24. Kf2 Nxc7 25. Ke3 Kg8 26. Kd4 Kf8 27.
Ke5 Ne8 28. c5 Ke7 29. h3 Nf6 30. Bb3 Kd8 31. c4 Kc7 32. g4 h6 33. Bc2 a5 34.
Bf5 Ba4 35. Ke6 h5 36. g5 Bd7+ 37. Ke5 Ne8 38. h4 Ba4 39. Bg6 Kd7 40. Bxh5 Kd8
41. Be2 Bd7 42. h5 Ke7 43. Bd3 Bg4 44. Bg6 Bd7 45. d6+ Kf8 46. Be4 Bg4 47. h6
{Black resigns} 1-0

[Event "Team 45 45 League T50"]
[Site "Internet Chess Club"]
[Date "2011.09.02"]
[Round "4"]
[White "noblitz-oblige"]
[Black "DungBeetle"]
[Result "0-1"]
[WhiteElo "1643"]
[BlackElo "1644"]
[Opening "Four knights: Italian variation"]
[ECO "C55"]
[Time "10:08:35"]
[TimeControl "2700+45"]

1. e4 e5 2. Nf3 Nc6 3. Bc4 Nf6 4. Nc3 Nxe4 5. Bxf7+ Kxf7 6. Nxe4 Be7 7. d3 Rf8
8. O-O d5 9. Ng3 Kg8 10. h3 Qe8 11. Re1 Bd6 12. Nxe5 Bxe5 13. f4 Bd4+ {White
resigns} 0-1

[Event "Team 45 45 League T50"]
[Site "Internet Chess Club"]
[Date "2011.09.05"]
[Round "4"]
[White "KnightOfCydonia"]
[Black "Bible-Believer"]
[Result "0-1"]
[WhiteElo "1603"]
[BlackElo "1459"]
[Opening "French: Fort Knox variation"]
[ECO "C10"]
[Time "14:01:07"]
[TimeControl "2700+45"]

1. d4 e6 2. e4 d5 3. Nc3 dxe4 4. Nxe4 Bd7 5. Nf3 Bc6 6. Bd3 Nd7 7. Be3 Ngf6 8.
Ned2 Be7 9. O-O O-O 10. Ne5 Nxe5 11. dxe5 Qd5 12. Nf3 Nd7 13. c4 Qa5 14. Qc2
Nxe5 15. Bxh7+ Kh8 16. Nxe5 Qxe5 17. Rae1 Bd6 18. f4 Qh5 19. Be4 Bxe4 20. Qxe4
c6 21. Rf3 Kg8 22. Rh3 Qf5 23. Qf3 Be7 24. Rh5 Qg6 25. f5 exf5 26. Qh3 f6 27.
Bd4 Rfe8 28. Re3 Rad8 29. Rxe7 Rxe7 30. Rh8+ Kf7 31. Rxd8 f4 32. Qc3 f3 33. g3
Qb1+ 34. Kf2 Re2+ 35. Kxf3 Qf1+ 36. Bf2 Qxf2+ 37. Kg4 Re4+ 38. Kh3 Qf1# {White
checkmated} 0-1

[Event "Team 45 45 League T50"]
[Site "Internet Chess Club"]
[Date "2011.09.04"]
[Round "4"]
[White "Xanther"]
[Black "chekbouncer"]
[Result "1-0"]
[WhiteElo "1502"]
[BlackElo "1477"]
[Opening "Sicilian: Alapin's variation (2.c3)"]
[ECO "B22"]
[Time "19:00:29"]
[TimeControl "2700+45"]

1. e4 c5 2. c3 Nc6 3. d4 cxd4 4. cxd4 e5 5. dxe5 Qa5+ 6. Nc3 Qxe5 7. Nf3 Qb8 8.
Bc4 Be7 9. O-O Nf6 10. Nd5 Nxd5 11. Qxd5 O-O 12. Ng5 Nd8 13. e5 Ne6 14. Ne4 a6
15. a4 b6 16. f3 Nc7 17. Qd3 b5 18. Bb3 bxa4 19. Bc2 g6 20. Bxa4 Nb5 21. Nf6+
Bxf6 22. exf6 Qb6+ 23. Be3 Qb7 24. Qd2 d5 25. Bc5 Qc6 26. Qh6 {Black resigns}
1-0

[Event "Team 45 45 League T50"]
[Site "Internet Chess Club"]
[Date "2011.09.04"]
[Round "4"]
[White "Skylab"]
[Black "chesskix"]
[Result "0-1"]
[WhiteElo "1291"]
[BlackElo "1465"]
[Opening "Dutch with c4 & Nc3"]
[ECO "A85"]
[Time "15:00:23"]
[TimeControl "2700+45"]

1. d4 f5 2. c4 Nf6 3. Nc3 e6 4. Bg5 Be7 5. Bxf6 Bxf6 6. e4 O-O 7. Nf3 d6 8. Be2
b6 9. O-O Bb7 10. d5 Bxc3 11. bxc3 fxe4 12. Nd2 exd5 13. cxd5 Bxd5 14. Bc4 Bxc4
15. Nxc4 d5 16. Ne3 c6 17. Qb3 Kh8 18. Rad1 Qg5 19. Qa3 Nd7 20. Qd6 Ne5 21. h4
Nf3+ 22. Kh1 Qxh4+ {White resigns} 0-1

[Event "Team 45 45 League T50"]
[Site "Internet Chess Club"]
[Date "2011.09.01"]
[Round "4"]
[White "Constrictor"]
[Black "julesraider"]
[Result "1/2-1/2"]
[WhiteElo "1632"]
[BlackElo "1543"]
[Opening "King's Indian, 3.Nf3"]
[ECO "E61"]
[Time "20:05:21"]
[TimeControl "2700+45"]

1. Nf3 Nf6 2. d4 g6 3. c4 Bg7 4. Nc3 O-O 5. Bg5 h6 6. Bh4 d6 7. e4 Qe8 8. Be2 e5
9. dxe5 dxe5 10. O-O Nbd7 11. b4 a6 12. Rc1 c5 13. a3 g5 14. Bg3 Nh5 15. Nd5 Qd8
16. Bxe5 Nxe5 17. Nxe5 Nf4 18. Nxf4 gxf4 19. Qxd8 Rxd8 20. Nd3 cxb4 21. axb4 Rd4
22. f3 Bd7 23. Rfd1 Ba4 24. Re1 Rad8 25. Nc5 Bc6 26. Red1 Rd2 27. Kf1 Rxd1+ 28.
Rxd1 Rxd1+ 29. Bxd1 Bd4 30. Nd3 b5 31. Bb3 Kg7 32. Nxf4 Be5 33. g3 f5 34. Nd3
Bc3 35. exf5 Bxf3 36. Kf2 Bc6 37. Ke3 Kf6 38. Kf4 Bd2+ 39. Kg4 Be4 40. Nc5 Bxf5+
41. Kf3 bxc4 42. Bxc4 Bxb4 43. Nxa6 Bd6 44. g4 Bc8 45. h3 Bb7+ 46. Kf2 Kg5 47.
Bf1 Kf4 48. Be2 Kg5 49. Bf1 Kh4 50. Kg1 Kg3 51. Be2 Kxh3 52. Kf2 Bc8 53. Kg1 Kg3
54. Kf1 Kh2 55. Kf2 Bb7 56. Bd3 {Game drawn by mutual agreement} 1/2-1/2

[Event "Team 45 45 League T50"]
[Site "Internet Chess Club"]
[Date "2011.09.06"]
[Round "4"]
[White "Neoman"]
[Black "philosopherking"]
[Result "1-0"]
[WhiteElo "1623"]
[BlackElo "1476"]
[Opening "French defense"]
[ECO "C11"]
[Time "18:00:20"]
[TimeControl "2700+45"]

1. d4 d5 2. Nc3 e6 3. e4 Nf6 4. exd5 exd5 5. Bd3 c5 6. Qe2+ Be6 7. Bb5+ Nc6 8.
Nf3 h6 9. O-O Be7 10. Be3 cxd4 11. Nxd4 Bd7 12. Bd3 O-O 13. Rfe1 Re8 14. Qd2 Bb4
15. f3 Rc8 16. Nxc6 Bxc6 17. Bd4 Nd7 18. Qf4 Qg5 19. Qxg5 hxg5 20. Bxa7 Bxc3 21.
bxc3 Ba4 22. Bd4 f6 23. Kf2 Ne5 24. Bf5 Rc6 25. Bd7 Nxd7 26. Rxe8+ Kf7 27. Re2
Bb5 28. Re3 Bc4 29. a3 Ra6 30. g3 b5 31. Ree1 Nb8 32. Bc5 Nc6 33. Re3 Ne5 34. h3
g6 35. f4 gxf4 36. gxf4 Nd7 37. Bb4 Re6 38. Rae1 Rxe3 39. Rxe3 Nb6 40. Kg3 g5
41. fxg5 fxg5 42. Kg4 Kf6 43. Be7+ Kg6 44. Re6+ Kf7 45. Rxb6 Kxe7 46. Kxg5 Kd7
47. h4 Kc7 48. Rf6 Be2 49. h5 Bd1 50. h6 Bxc2 51. Rg6 Kd7 52. h7 Bxg6 53. Kxg6
Kd6 54. h8=Q Kc5 55. Qh4 {Black resigns} 1-0

[Event "Team 45 45 League T50"]
[Site "Internet Chess Club"]
[Date "2011.09.01"]
[Round "4"]
[White "BenjaminSisko"]
[Black "JohLeb"]
[Result "1-0"]
[WhiteElo "1455"]
[BlackElo "1417"]
[Opening "Sicilian: Canal-Sokolsky (Nimzovich-Rossolimo, Moscow) attack"]
[ECO "B51"]
[Time "20:00:34"]
[TimeControl "2700+45"]

1. e4 c5 2. Nf3 d6 3. Bb5+ Nc6 4. d3 a6 5. Bxc6+ bxc6 6. O-O Nf6 7. h3 e5 8. c4
Be7 9. Nc3 Be6 10. Rb1 a5 11. a3 Qc7 12. Re1 O-O 13. Qc2 Nd7 14. Ng5 Bxg5 15.
Bxg5 f5 16. f3 f4 17. b4 axb4 18. axb4 Rab8 19. b5 Nb6 20. bxc6 Qxc6 21. Nd5
Bxd5 22. cxd5 Qc7 23. Rb5 Rb7 24. Reb1 Rfb8 25. Qb3 h6 26. Bh4 Kf7 27. Bf2 Ke8
28. Kf1 Kd8 29. Be1 Kc8 30. Ba5 c4 31. dxc4 Qxc4+ 32. Qxc4+ Nxc4 33. Rxb7 Rxb7
34. Rc1 Rb1 35. Rxb1 Nd2+ 36. Bxd2 {Black resigns} 1-0

[Event "Team 45 45 League T50"]
[Site "Internet Chess Club"]
[Date "2011.09.03"]
[Round "4"]
[White "SlimeDog2"]
[Black "Deckfuel"]
[Result "1-0"]
[WhiteElo "2075"]
[BlackElo "1908"]
[Opening "QGD semi-Slav: Meran, Wade variation"]
[ECO "D47"]
[Time "14:06:25"]
[TimeControl "2700+45"]

1. d4 Nf6 2. c4 e6 3. Nc3 d5 4. Nf3 c6 5. e3 Nbd7 6. Bd3 dxc4 7. Bxc4 b5 8. Bd3
Bb7 9. O-O a6 10. a4 b4 11. Ne4 a5 12. Qe2 Be7 13. Nxf6+ gxf6 14. e4 Qb6 15. Bh6
Rg8 16. Rfe1 Rd8 17. Rac1 Nf8 18. Be3 Rc8 19. d5 c5 20. Bb5+ Kd8 21. dxe6 fxe6
22. Red1+ Kc7 23. Bf4+ e5 24. Nxe5 Bd6 25. Rxd6 Qxd6 26. Nd3 {Black resigns} 1-0

[Event "Team 45 45 League T50"]
[Site "Internet Chess Club"]
[Date "2011.09.05"]
[Round "4"]
[White "randallsr"]
[Black "musk6868"]
[Result "0-1"]
[WhiteElo "1742"]
[BlackElo "1914"]
[Opening "Réti v Dutch"]
[ECO "A04"]
[Time "09:05:49"]
[TimeControl "2700+45"]

1. Nf3 f5 2. b3 Nf6 3. c4 g6 4. Bb2 Bg7 5. d3 O-O 6. Nbd2 d6 7. e3 e5 8. Rb1 Nc6
9. a3 Ng4 10. h3 Nf6 11. Be2 Nh5 12. Nh2 f4 13. e4 f3 14. Bxf3 Nf4 15. Ndf1 Qf6
16. Ng4 Bxg4 17. Bxg4 Nxg2+ 18. Kd2 Qxf2+ 19. Qe2 Bh6+ 20. Kd1 Qb6 21. Be6+ Kh8
22. c5 Qxc5 23. b4 Qb5 24. Bc4 Qa4+ 25. Qc2 Rxf1+ 26. Ke2 Qxc2+ 27. Kxf1 Qxb1+
28. Kxg2 Qxb2+ {White resigns} 0-1

[Event "Team 45 45 League T50"]
[Site "Internet Chess Club"]
[Date "2011.09.04"]
[Round "4"]
[White "Warpdrive"]
[Black "Goli"]
[Result "1-0"]
[WhiteElo "1622"]
[BlackElo "1817"]
[Opening "Robatsch defense: Geller's system"]
[ECO "B06"]
[Time "16:32:18"]
[TimeControl "2700+45"]

1. e4 g6 2. d4 Bg7 3. c3 d6 4. Nf3 Nf6 5. Bd3 O-O 6. O-O Bg4 7. h3 Bxf3 8. Qxf3
Nc6 9. Na3 e5 10. Nc2 h6 11. Be3 a6 12. d5 Nb8 13. c4 c5 14. a3 Nbd7 15. b4 b6
16. Qe2 Nh5 17. Rab1 Nf4 18. Qd2 Nxd3 19. Qxd3 f5 20. f3 f4 21. Bd2 Bf6 22. Qe2
Bh4 23. Be1 Bxe1 24. Rfxe1 Nf6 25. bxc5 bxc5 26. Rb3 Qc7 27. Reb1 Rab8 28. Qd3
Nh5 29. Qc3 Ng3 30. Qb2 Rxb3 31. Qxb3 Rf7 32. Qb8+ Qxb8 33. Rxb8+ Rf8 34. Rb6
Rd8 35. a4 a5 36. Kf2 Kf8 37. Na3 Nh5 38. Nb5 Ke7 39. Ra6 Nf6 40. Rxa5 Ne8 41.
Ra7+ Rd7 42. Ke2 Rxa7 43. Nxa7 Kd7 44. Kd3 Nc7 45. Nb5 Na6 46. Kc3 g5 47. a5 h5
48. Kb3 Nb4 49. Ka4 Na6 50. Nc3 Kc7 51. Nb5+ Kd7 52. Nxd6 Kxd6 53. Kb5 Nc7+ 54.
Kb6 Na8+ 55. Kb7 Nc7 56. a6 h4 57. a7 Kd7 58. a8=Q Nxa8 59. Kxa8 Kc8 60. Ka7 Kc7
61. Ka6 {Black resigns} 1-0

[Event "Team 45 45 League T50"]
[Site "Internet Chess Club"]
[Date "2011.09.04"]
[Round "4"]
[White "qs16"]
[Black "BotanicalKnight"]
[Result "1-0"]
[WhiteElo "1817"]
[BlackElo "1572"]
[Opening "Dutch"]
[ECO "A80"]
[Time "06:48:11"]
[TimeControl "2700+45"]

1. d4 f5 2. e3 Nf6 3. Nd2 e6 4. Bd3 d5 5. f4 Be7 6. Ngf3 O-O 7. O-O c6 8. Ne5
Nbd7 9. b3 Nxe5 10. fxe5 Ne4 11. Bb2 Bd7 12. c4 Qe8 13. cxd5 exd5 14. Nxe4 fxe4
15. Be2 Qg6 16. Rxf8+ Rxf8 17. Qd2 h5 18. Rf1 Rf5 19. Qd1 h4 20. Rxf5 Bxf5 21.
Qf1 Bg5 22. Bc1 Qe6 23. Bd2 Bh6 24. Qf2 g5 25. h3 Kh7 26. Kh2 Kg6 27. Bd1 Kg7
28. Bh5 Kh7 29. Bb4 Bg7 30. Bd6 Bh6 31. Bg4 Bxg4 32. hxg4 Qxg4 33. Qf7+ Bg7 34.
e6 h3 35. Bg3 hxg2 36. Kxg2 Qe2+ 37. Kh3 g4+ 38. Kh4 Qg2 39. Kxg4 Qe2+ 40. Kh3
Qxe3 41. Qh5+ Kg8 42. e7 {Black forfeits on time} 1-0